 Dungeon Crawl Stone Soup version 0.31.0-4-g52a2dc7128 (webtiles) character file.

Game seed: 11910318477097736521

11771 dorian the Skirmisher (level 11, -5/95 HPs)
             Began as a Demigod Hunter on Jan 21, 2024.
             Slain by a slime creature (8 damage)
             ... while petrified by a basilisk
             ... on level 11 of the Dungeon.
             The game lasted 00:23:06 (11218 turns).

dorian the Skirmisher (Demigod Hunter)             Turns: 11218, Time: 00:23:07

Health: -5/95      AC:  7    Str: 12    XL:     11   Next: 29%
Magic:  14/14      EV:  2    Int: 11    God:
Gold:   1059       SH:  0    Dex: 29    Spells: 8/10 levels left

rFire   . . .        f - +1 mace (protect)
rCold   . . .        (no shield)
rNeg    + + +        J - +2 leather armour "Jilluemoe" {Harm Regen+}
rPois   ∞            u - +0 helmet
rElec   .            p - scarf {repulsion}
rCorr   .            (no gloves)
SInv    .            s - +0 pair of boots
Will    +....        k - amulet of reflection
Stlth   ++           i - +5 ring of evasion
HPRegen 1.15/turn    a - ring of poison resistance
MPRegen 0.14/turn

%: harm (+30% outgoing, +20% incoming), repel missiles, reflection
@: petrified, on berserk cooldown, slowed
A: high MP 1, forlorn, divine attributes
a: no special abilities


You were on level 11 of the Dungeon.
You visited 1 branch of the dungeon, and saw 12 of its levels.
You also visited: Sewer.

You collected 1345 gold pieces.
You spent 286 gold pieces at shops.

Inventory:

Hand Weapons
 f - a +1 mace of protection (weapon)
 K - a +1 orcbow
Missiles
 E - a throwing net
Armour
 c - a +1 leather armour
 p - a scarf of repulsion (worn)
 s - a +0 pair of boots (worn)
 u - a +0 helmet (worn)
 J - the +2 leather armour "Jilluemoe" (worn) {Harm Regen+}
   (You found it on level 7 of the Dungeon)

   Regen+:    It increases your rate of health regeneration.
   Harm:      It increases damage dealt and taken.
Jewellery
 a - a ring of poison resistance (right hand)
 i - a +5 ring of evasion (left hand)
 k - an amulet of reflection (around neck)
 M - a +6 ring of dexterity
 N - a ring of fire
 Q - a ring of wizardry
Wands
 e - a wand of flame (20)
 n - a wand of polymorph (9)
 v - a wand of digging (4)
 A - a wand of paralysis (28)
 B - a wand of iceblast (9)
 G - a wand of mindburst (22)
Scrolls
 b - a scroll of butterflies
 m - a scroll of enchant armour
 o - a scroll of noise
 t - 4 scrolls of teleportation
 y - 2 scrolls of fog
 z - a scroll of blinking
 C - a scroll of enchant weapon
 O - a scroll of poison
 P - a scroll of revelation
Potions
 d - 2 potions of might
 g - 4 potions of attraction
 h - 2 potions of haste
 j - 3 potions of mutation
 l - a potion of degeneration
 q - 9 potions of curing
 w - 6 potions of heal wounds
 x - 2 potions of enlightenment
 D - 2 potions of cancellation
 F - a potion of berserk rage
 H - 3 potions of brilliance
 I - a potion of magic {unknown}
 L - a potion of ambrosia {unknown}


   Skills:
 + Level 8.8 Fighting
 * Level 12.6 Ranged Weapons
 - Level 4.0 Armour
 + Level 7.6 Dodging
 - Level 0.8 Stealth


You had 8 spell levels left.
You knew the following spells:

 Your Spells              Type           Power      Damage    Failure   Level
a - Blink                 Tloc           0%         N/A       56%         2

Your spell library contained the following spells:

 Spells                   Type           Power      Damage    Failure   Level
 Magic Dart               Conj           0%         1d3       41%         1
 Sandblast                Erth           0%         2d4       41%         1
 Call Imp                 Summ           0%         N/A       56%         2
 Lesser Beckoning         Tloc           0%         N/A       56%         2
 Momentum Strike          Conj/Tloc      0%         3d8       56%         2
 Gell's Gravitas          Tloc           0%         N/A       80%         3
 Hailstorm                Conj/Ice       0%         3d5       80%         3
 Passwall                 Erth           0%         N/A       80%         3
 Stone Arrow              Conj/Erth      0%         3d7       80%         3
 Summon Ice Beast         Ice/Summ       0%         N/A       80%         3
 Anguish                  Hex/Necr       0%         N/A       99%         4
 Brom's Barrelling Bould  Conj/Erth      0%         2d3       99%         4
 Summon Forest            Summ/Tloc      0%         N/A       100%        5
 Sculpt Simulacrum        Ice/Alch       0%         N/A       100%        6
 Discord                  Hex            0%         N/A       100%        8


Dungeon Overview and Level Annotations

Branches:
Dungeon (12/15) Zot: 26720  Temple (0/1) D:5            Lair (0/5) D:9
  Sewer (visited)
    Orc: D:9-12

Shops:
D:2 ?   D:6 *:

Annotations:
D:10 Fannar


Innate Abilities, Weirdness & Mutations

You have an increased reservoir of magic. (+10% MP)
You shall have no god before yourself.
Your divine heritage dramatically boosts your attributes as you level up.


Message History

You hit the basilisk.
Your weapon exudes an aura of protection.
The basilisk is lightly wounded.
The slime creature closely misses you.
The basilisk bites you but does no damage.
You block the slime creature's attack. The basilisk barely misses you.
Your limbs are stiffening.
You closely miss the basilisk. Your punch misses the basilisk.
The basilisk is lightly wounded.
The slime creature hits you but does no damage.
The basilisk bites you.
You have turned to stone.
The slime creature hits you! The basilisk bites you!
* * * LOW HITPOINT WARNING * * *
The slime creature hits you!
* * * LOW HITPOINT WARNING * * *
The basilisk gazes at you.
You easily resist.
The slime creature hits you but does no damage.
The basilisk bites you!
* * * LOW HITPOINT WARNING * * *
The slime creature hits you!
* * * LOW HITPOINT WARNING * * *
The basilisk bites you!
* * * LOW HITPOINT WARNING * * *
The slime creature hits you!
* * * LOW HITPOINT WARNING * * *
The basilisk bites you!
* * * LOW HITPOINT WARNING * * *
The slime creature hits you but does no damage.
The basilisk bites you!
* * * LOW HITPOINT WARNING * * *
The slime creature hits you but does no damage.
The basilisk bites you!
* * * LOW HITPOINT WARNING * * *
The slime creature barely misses you. The basilisk gazes at you.
You easily resist.
You are no longer berserk.
You feel yourself slow down. The slime creature hits you!
You die...

######## #......#
#......####
#.........#
#######.........#
#...............#
#.###J[.........######
#.# #@l##......|.....#
#.# #..##.#+#...^....+
#.###...#.#..........#
#.#.#.#...##.######...
#.#.#.###.##..#####...
#.#.....#.............
#.#.#.#.#.....###.....
#.#.#.#.#.....# #..>.#
#.#.#.#.#.....###.##.#


You could see a slime creature and a basilisk.

Vanquished Creatures
  A two-headed ogre (D:9)
  Sonja (D:10)
  2 ugly things
  A manticore (D:9)
  4 kobold demonologists (D:9)
  2 trolls (D:12)
  4 hornets
  A slime creature (D:11)
  3 wyverns
  A wraith (D:10)
  2 shadows (D:11)
  Grum (D:10)
  6 yaks (D:9)
  A steam dragon (D:9)
  An acid dragon (D:12)
  A water moccasin (D:8)
  A sky beast (D:8)
  2 black bears
  6 orc warriors
  5 ogres
  3 wolves (D:10)
  4 centaurs
  A phantom (D:6)
  A kobold brigand (D:8)
  2 bullfrogs
  3 scorpions
  A scorpion (shapeshifter) (D:9)
  4 wights
  14 killer bees
  7 howler monkeys
  A bombardier beetle (D:6)
  2 gnoll boudas
  9 orc priests
  4 hounds
  6 iguanas
  2 sleepcaps (D:6)
  15 orc wizards
  19 gnolls
  5 adders
  5 river rats (Sewer)
  2 white imps
  A dart slug (D:2)
  2 ribbon worms
  42 orcs
  11 ball pythons
  8 bats
  9 endoplasms
  5 giant cockroaches
  8 goblins
  6 hobgoblins
  9 jackals
  2 quokkas (D:3)
  7 frilled lizards
  30 kobolds
  27 rats
323 creatures vanquished.

Notes
Turn   | Place    | Note
-------+----------+-------------------------------------------
     0 | D:1      | dorian the Demigod Hunter began the quest for the Orb.
     0 | D:1      | Reached XP level 1. HP: 17/17 MP: 3/3
   386 | D:1      | Reached XP level 2. HP: 24/24 MP: 4/4
   782 | D:1      | Reached skill level 4 in Ranged Weapons
   957 | D:2      | Found Pidgha Beva's Magic Scroll Boutique.
   969 | D:2      | Bought a scroll of fear for 44 gold pieces
  1033 | D:2      | Reached skill level 1 in Armour
  1118 | D:2      | Reached XP level 3. HP: 29/29 MP: 5/5
  1800 | D:2      | Identified a scroll of acquirement
  1800 | D:2      | Acquired 717 gold pieces
  2037 | D:3      | Reached XP level 4. HP: 37/37 MP: 6/6
  2143 | D:3      | Found a glowing drain.
  2147 | Sewer    | Entered a sewer
  2362 | Sewer    | Reached XP level 5. HP: 27/44 MP: 7/7
  2372 | Sewer    | Reached skill level 5 in Ranged Weapons
  3749 | D:2      | Bought a scroll of fear for 44 gold pieces
  3749 | D:2      | Bought a scroll of teleportation for 33 gold pieces
  3918 | D:4      | Noticed a black bear
  3928 | D:4      | Killed a black bear
  3929 | D:4      | Reached XP level 6. HP: 10/51 MP: 8/8
  4200 | D:4      | Reached skill level 6 in Ranged Weapons
  4580 | D:4      | Reached XP level 7. HP: 58/58 MP: 9/9
  4744 | D:5      | Entered Level 5 of the Dungeon
  4749 | D:5      | Found a staircase to the Ecumenical Temple.
  5259 | D:5      | Reached skill level 7 in Ranged Weapons
  5853 | D:6      | Found Idoju's General Store.
  5856 | D:6      | Bought a scroll of fear for 44 gold pieces
  5856 | D:6      | Bought a potion of curing for 33 gold pieces
  5856 | D:6      | Bought a potion of curing for 33 gold pieces
  5856 | D:6      | Bought a potion of heal wounds for 55 gold pieces
  5921 | D:5      | Reached XP level 8. HP: 48/67 MP: 10/10
  6047 | D:6      | Reached skill level 5 in Fighting
  6276 | D:5      | Reached skill level 8 in Ranged Weapons
  6512 | D:6      | Found Vicuo's Book Shoppe.
  7056 | D:7      | Learned a level 2 spell: Blink
  7080 | D:7      | Identified the +2 leather armour "Jilluemoe" {Harm Regen+}
  7437 | D:7      | Reached XP level 9. HP: 75/75 MP: 11/11
  7444 | D:7      | Reached skill level 9 in Ranged Weapons
  8333 | D:9      | Reached skill level 5 in Dodging
  8409 | D:9      | Reached skill level 10 in Ranged Weapons
  8469 | D:9      | Found a staircase to the Lair.
  8509 | D:9      | Noticed a two-headed ogre
  8514 | D:9      | Killed a two-headed ogre
  8551 | D:9      | Reached XP level 10. HP: 86/86 MP: 13/13
  8619 | D:9      | Got the Reference Book on the Compass and the Whammy
  8769 | D:9      | Noticed a sixfirhy
  8772 | D:9      | Reached skill level 11 in Ranged Weapons
  9010 | D:9      | Noticed a brown ugly thing
  9013 | D:9      | Noticed a manticore
  9309 | D:9      | Killed a brown ugly thing
  9311 | D:9      | Killed a manticore
  9631 | D:10     | Entered Level 10 of the Dungeon
  9918 | D:10     | Noticed Grum
  9939 | D:10     | Reached skill level 12 in Ranged Weapons
  9945 | D:10     | Killed Grum
  9946 | D:10     | Reached XP level 11. HP: 94/94 MP: 14/14
  9979 | D:10     | Noticed Fannar
 10167 | D:10     | Noticed Sonja
 10188 | D:10     | Killed Sonja
 11215 | D:11     | HP: 4/142 [basilisk (8)]
 11216 | D:11     | HP: 1/142 [basilisk (4)]
 11218 | D:11     | Slain by a slime creature

Illustrated notes

Levels and vault maps discovered:
D:1:      lemuel_arrival_lava_pool, layout_basic
D:2:      layout_basic, basic_altar, serial_shops, shop,
          wander_ebering_terrifying_dragon_lair
D:3:      layout_basic, gup_sewer_entry_spiral
D:4:      layout_basic
D:5:      cheibrodos_helix_gallery, layout_loops_ring,
          minmay_temple_entry_offerings, serial_rivers,
          chequers_serial_rivers_micro_c, chequers_serial_rivers_micro_e,
          chequers_serial_rivers_marsh, chequers_serial_rivers_large_b,
          chequers_serial_rivers_small_a, chequers_serial_rivers_small_3,
          nrook_mini_backslash
D:6:      layout_cave_pools, serial_shops, nicolae_take_the_stairs,
          nicolae_stop_n_shop_2
D:7:      layout_rooms
D:8:      layout_rooms, mainiacjoe_overflow_six_doors_small,
          mainiacjoe_overflow_alcove_4
D:9:      minmay_slanted_spiral_squares, layout_loops_corners,
          kennysheep_okawaru_gauntlet, kennysheep_mini_moat, lair_entry_dummy
D:10:     layout_rooms, mainiacjoe_overflow_chevrons, lemuel_round_altar,
          uniq_fannar, uniq_grum, uniq_sonja
D:11:     layout_basic
D:12:     cheibrodos_body_horror, layout_cave_pools, david_orc_2

Skill      XL: |  1  2  3  4  5  6  7  8  9 10 |
---------------+-------------------------------+-----
Fighting       | 2 3 4 5 7 8 |  8.8
Ranged Weapons | 4 5 6 7 8 10 12 | 12.6
Armour         | 1 2 3 4 |  4.0
Dodging        | 2 4 5 7 |  7.6
Stealth        | |  0.8

Action                     |  1- 3 |  4- 6 |  7- 9 | 10-12 || total
---------------------------+-------+-------+-------+-------++-------
  Melee: Mace              |       |    47 |    92 |     2 ||   141
         Punch             |       |       |     1 |       ||     1
   Fire: Shortbow          |   129 |   216 |   270 |       ||   615
         Orcbow            |       |       |   140 |   317 ||   457
  Evoke: Wand              |       |       |     1 |       ||     1
    Use: Scroll            |     9 |     1 |     8 |     7 ||    25
         Potion            |       |     1 |       |     3 ||     4
 Armour: Leather armour    |    17 |    88 |   128 |    95 ||   328
  Dodge: Dodged            |    30 |   102 |   236 |   166 ||   534
         Repelled          |       |     1 |     2 |     3 ||     6
  Block: Other             |       |       |    64 |    35 ||    99
         Reflection        |       |       |     3 |     2 ||     5
